 Dungeon Crawl Stone Soup version 0.25-a0-290-g4a1327ee3a (console) character file.

Game seed: 612133086793733914, levelgen mode: deterministic

1705 Kagalorn the Martial Artist (level 9, -2/62 HPs)
             Began as a Barachi Transmuter on Dec 14, 2019.
             Was a Follower of Ashenzari.
             Slain by Joseph
             ... wielding a +0 quarterstaff
              (15 damage)
             ... on level 7 of the Dungeon.
             The game lasted 00:17:21 (6685 turns).

Kagalorn the Martial Artist (Barachi Transmuter)    Turns: 6685, Time: 00:17:21

Health: -2/62      AC:  2    Str: 11    XL:     9   Next: 3%
Magic:  22/22      EV: 20    Int: 21    God:    Ashenzari [*.....]
Gold:   255        SH:  0    Dex: 17    Spells: 5/14 levels left

rFire    . . .     SeeInvis .     - Unarmed
rCold    . . .     Gourm    .   (shield currently unavailable)
rNeg     . . .     Faith    .   (armour currently unavailable)
rPois    x         Spirit   .   (helmet currently unavailable)
rElec    .         Reflect  .   (cloak currently unavailable)
rCorr    .         Harm     .   (gloves currently unavailable)
MR       .....                  (boots currently unavailable)
Stlth    +.........             p - amulet "Istraupa" {RegenMP MP+9 Int+3} (curse)
HPRegen  0.20/turn              l - ring of attention (curse)
MPRegen  0.43/turn              (no ring)

@: spider-form (expiring)
A: tiny, +LOS, swims
a: End Transformation, Curse Item, Scrying, Renounce Religion


You were on level 7 of the Dungeon.
You worshipped Ashenzari.
Ashenzari was aware of your devotion.
You were hungry.
You were a venomous arachnid creature.
You visited 2 branches of the dungeon, and saw 8 of its levels.

You collected 255 gold pieces.

Inventory:

Missiles
 n - 37 poisoned darts (quivered)
Armour
 u - a +2 leather armour of positive energy (melded)
Jewellery
 l - a cursed ring of attention (left front leg)
 p - the cursed amulet "Istraupa" (around neck) {RegenMP MP+9 Int+3}
   (You found it on level 5 of the Dungeon)

   [amulet of magic regeneration]

   It increases your magic regeneration.
   It affects your intelligence (+3).
   It affects your magic capacity (+9).
   It has a curse placed upon it.
 t - a cursed amulet of rage
Scrolls
 a - a scroll of blinking {unknown}
 c - 3 scrolls of enchant weapon {unknown}
 e - 3 scrolls of teleportation {unknown}
 f - a scroll of noise {unknown}
 g - a scroll of enchant armour {unknown}
 i - 2 scrolls of magic mapping {unknown}
 j - 3 scrolls of fear {unknown}
 o - 5 scrolls of identify {unknown}
 q - a scroll of fog {unknown}
 r - 2 scrolls of amnesia {unknown}
 s - a scroll of remove curse
Potions
 b - 2 potions of heal wounds
 h - a potion of invisibility {unknown}
 k - 2 potions of haste {unknown}
 m - a potion of flight {unknown}
 w - a potion of brilliance {unknown}
Comestibles
 d - 10 rations


   Skills:
 * Level 2.7 Fighting
 - Level 2.1 Dodging
 - Level 10.0 Unarmed Combat
 * Level 3.1 Spellcasting
 * Level 5.5 Transmutations
 - Level 2.2 Poison Magic
 * Level 3.5 Evocations


You had 5 spell levels left.
You knew the following spells:

 Your Spells              Type           Power        Failure   Level  Hunger
a - Beastly Appendage     Tmut           ####..       6%          1    None
b - Spider Form           Tmut/Pois      ###.......   21%         3    ###....
c - Blade Hands           Tmut           ####......   58%         5    ######.

Your spell library contained the following spells:

 Spells                   Type           Power        Failure   Level  Hunger
 Sticks to Snakes         Tmut           ####....     8%          2    ##.....
 Ice Form                 Ice/Tmut       ##......     61%         4    ####...


Dungeon Overview and Level Annotations

Branches:
Dungeon (7/15)             Temple (1/1) D:6

Altars:
Ashenzari
Cheibriados
Dithmenos
Elyvilon
Fedhas
Gozag
Kikubaaqudgha
Okawaru
Qazlal
Ru
Sif Muna
Uskayaw
Vehumet
Xom
Yredelemnul
Zin
The Shining One

Annotations:
D:4 1 runed translucent door, mwcat2000's ghost, weakling DsWz
D:7 Joseph


Innate Abilities, Weirdness & Mutations

You can be seen from farther away. (+LOS)
You can swim through water.
((You cover ground slowly.))
((You can hop short distances.))


Message History

You barely miss Joseph.
Joseph is heavily wounded.
Joseph hits you with a +0 quarterstaff!
You hit Joseph.
Joseph looks as sick as possible!
Joseph is heavily wounded.
Joseph closely misses you.
You hit Joseph but do no damage.
Joseph looks as sick as possible!
Joseph is heavily wounded.
Your transformation is almost over.
Joseph closely misses you.
You hit Joseph but do no damage.
Joseph looks as sick as possible!
Joseph is severely wounded.
You bite Joseph!
Joseph is almost dead.
Joseph hits you with a +0 quarterstaff!
* * * LOW HITPOINT WARNING * * *
You barely miss Joseph.
Joseph is almost dead.
Joseph hits you with a +0 quarterstaff!
You die...

.... .# .... ..
#..# .. ##..##.
..... ... ###
#.##### @.>#
##.##..##...#
+.....s#....#
#......@...!#
##..##.###..#
###'##.## #
#...#...# ..#
#...#...#...#
#...#...#...#
##.###.###..#
####.###.###..#


You could see Joseph.

Vanquished Creatures
  Eustachio (D:5)
  An orc warrior (D:6)
  An ice beast (D:5)
  2 phantoms
  A sky beast (D:6)
  4 ogres
  A bullfrog (D:6)
  A crimson imp (D:6)
  A quasit (D:6)
  A bullfrog skeleton (D:7)
  A jelly (D:7)
  3 orc priests
  2 hounds
  3 orc wizards (D:5)
  A centaur skeleton (D:4)
  5 worker ants
  2 hound skeletons
  4 gnolls
  5 adders
  A shadow imp (D:6)
  An ooze (D:1)
  An adder zombie (D:5)
  An adder skeleton (D:6)
  A worm (D:3)
  A leopard gecko (D:6)
  15 orcs
  2 giant cockroaches
  8 goblins
  9 hobgoblins
  4 jackals
  4 quokkas
  2 ball pythons (D:1)
  6 bats
  A frilled lizard (D:1)
  9 kobolds
  A leopard gecko zombie (D:5)
  A quokka skeleton (D:5)
  5 rats
113 creatures vanquished.

Notes
Turn   | Place    | Note
-------+----------+-------------------------------------------
     0 | D:1      | Kagalorn the Barachi Transmuter began the quest for the
                  | Orb.
     0 | D:1      | Reached XP level 1. HP: 15/15 MP: 3/3
   138 | D:1      | Reached XP level 2. HP: 16/21 MP: 3/5
   157 | D:1      | Reached skill level 4 in Unarmed Combat
   309 | D:1      | Reached XP level 3. HP: 17/26 MP: 4/6
  1455 | D:3      | Reached XP level 4. HP: 25/32 MP: 5/7
  2022 | D:3      | Learned a level 3 spell: Spider Form
  2090 | D:3      | Found a shattered altar of Ashenzari.
  2104 | D:3      | Became a worshipper of Ashenzari the Shackled
  2283 | D:3      | Reached skill level 5 in Unarmed Combat
  2496 | D:4      | Noticed an ogre
  2511 | D:4      | Killed an ogre
  2511 | D:4      | Reached XP level 5. HP: 37/37 MP: 2/8
  2744 | D:4      | Noticed an ogre
  2754 | D:4      | Killed an ogre
  2754 | D:4      | Reached skill level 6 in Unarmed Combat
  2754 | D:4      | Reached skill level 1 in Poison Magic
  2754 | D:4      | Reached XP level 6. HP: 43/43 MP: 5/9
  2832 | D:4      | Found a glowing silver altar of Zin.
  2832 | D:4      | Found a snail-covered altar of Cheibriados.
  2833 | D:4      | Found a hide-covered altar of Uskayaw.
  2865 | D:4      | Found a runed translucent door.
  2865 | D:4      | Noticed mwcat2000's ghost (weakling DsWz)
  2866 | D:4      | Found the +3 crown of Dyrovepreva {rElec Int+2 SInv}
  3241 | D:5      | Entered Level 5 of the Dungeon
  3241 | D:5      | Identified the amulet "Istraupa" {RegenMP MP+9 Int+3}
  3249 | D:5      | Noticed a phantom
  3739 | D:5      | Noticed an ice beast
  4113 | D:5      | Killed an ice beast
  4113 | D:5      | Reached skill level 7 in Unarmed Combat
  4113 | D:5      | Reached XP level 7. HP: 40/48 MP: 10/10
  4162 | D:5      | Reached skill level 5 in Transmutations
  4215 | D:5      | Noticed Eustachio
  4236 | D:5      | Killed Eustachio
  4289 | D:5      | Reached skill level 8 in Unarmed Combat
  4315 | D:5      | Reached XP level 8. HP: 16/54 MP: 11/11
  4608 | D:5      | Found an iron altar of Okawaru.
  4936 | D:5      | Found a shadowy altar of Dithmenos.
  4959 | D:5      | Reached skill level 9 in Unarmed Combat
  5389 | D:6      | Found a staircase to the Ecumenical Temple.
  5403 | Temple   | Entered the Ecumenical Temple
  5655 | D:6      | Found an opulent altar of Gozag.
  5718 | D:6      | Reached skill level 10 in Unarmed Combat
  5914 | D:6      | Learned a level 5 spell: Blade Hands
  6049 | D:6      | Reached * piety under Ashenzari
  6586 | D:7      | Reached XP level 9. HP: 62/62 MP: 13/13
  6667 | D:7      | Noticed Joseph
  6685 | D:7      | Slain by Joseph

Levels and vault maps discovered:
D:1:      saegor_arrival_simple_b, layout_loops_cross
D:2:      layout_loops_ring, minmay_tripent
D:3:      layout_basic, evilmike_ruin_ashenzari, minmay_goblin_outpost
D:4:      layout_rooms, gammafunk_temple_overflow_forgotten,
          ebering_ghost_inner_flame, first_ration
D:5:      layout_basic, okawaru_metal_pillars_1_2, grunt_dithmenos_shadows,
          uniq_eustachio
D:6:      layout_basic, lemuel_crystal_altar, minmay_temple_entry_tees
D:7:      corexii_shack_village, layout_gridville, uniq_joseph
Temple:   dpeg_chambers_temple

Skill      XL: |  1  2  3  4  5  6  7  8 |
---------------+-------------------------+-----
Unarmed Combat | 4 5 6 7 8 10 | 10.0
Transmutations | 3 4 5 |  5.5
Poison Magic   | 1 2 |  2.2
Evocations     | 3 |  3.5
Fighting       | 2 |  2.7
Spellcasting   | 3 |  3.1
Dodging        | |  2.1

Action                   |  1- 3 |  4- 6 |  7- 9 || total
-------------------------+-------+-------+-------++-------
Melee: Unarmed           |    84 |   142 |   197 ||   423
       Headbutt          |     5 |     7 |    13 ||    25
       Kick              |     3 |     7 |     5 ||    15
       Punch             |     3 |     3 |     3 ||     9
Throw: Dart              |     5 |    11 |     9 ||    25
 Cast: Beastly Appendage |    21 |    14 |     9 ||    44
       Spider Form       |       |     8 |    12 ||    20
Invok: Curse Item        |       |     1 |       ||     1
 Abil: Hop               |       |     1 |       ||     1
  Use: Potion            |     2 |       |       ||     2
 Stab: Sleeping          |     1 |       |       ||     1
  Eat: Chunk             |     1 |     7 |    12 ||    20
       Ration            |       |     1 |       ||     1
Armor: Robe              |    22 |    14 |       ||    36
       Skin              |       |       |     5 ||     5
       Leather armour    |       |       |    25 ||    25
Dodge: Dodged            |    62 |    92 |   121 ||   275

Table legend:
 A = Non-vault XP
 B = Vault XP
 C = Vault XP percentage of total XP
 D = Non-vault monster count
 E = Vault monster count
 F = Vault count percentage of total count
                 A         B        C        D         E       F
            +---------+---------+-------+---------+---------+-------
      Total |    2101 |     336 |  13.8 |     106 |       7 |   6.2
            +---------+---------+-------+---------+---------+-------
        D:1 |      45 |       0 |   0.0 |      26 |       0 |   0.0
        D:2 |      31 |       2 |   6.1 |       5 |       1 |  16.7
        D:3 |      45 |       7 |  13.5 |      12 |       4 |  25.0
        D:4 |     378 |       0 |   0.0 |      10 |       0 |   0.0
        D:5 |     532 |     327 |  38.1 |      22 |       2 |   8.3
        D:6 |     984 |       0 |   0.0 |      28 |       0 |   0.0
        D:7 |      86 |       0 |   0.0 |       3 |       0 |   0.0
            +---------+---------+-------+---------+---------+-------
